VEGAS Golden Knights vs SAN JOSE Sharks

Created - 19 mars 2024 at 10:51

Goals
1 2 3 T
VEGAS Golden Knights 0 0 0 0
SAN JOSE Sharks 4 0 1 5
Shots
1 2 3 T
VEGAS Golden Knights 3 14 1 18
SAN JOSE Sharks 21 10 11 42

1st period

1. SAN JOSE Sharks , Joe Pavelski 23 (Kyle Connor 34, John Tavares 40) at 0:04
2. SAN JOSE Sharks , Cam Atkinson 9 (Troy Stecher 9, Brett Howden 10) at 0:54
3. SAN JOSE Sharks , Jack Johnson 5 (John Tavares 41, Joe Pavelski 36) at 16:53 (PP)
4. SAN JOSE Sharks , Sam Bennett 21 (Brayden McNabb 22, Andrew Mangiapane 27) at 18:05 (PP)

Penalties :
Adam Larsson (VGK) for Roughing (Minor) at 1:33, Adam Larsson (VGK) for Holding (Minor) at 7:35, Sebastian Aho (VGK) for Roughing (Double Minor) at 14:57, Sebastian Aho (VGK) for Hooking (Minor) at 18:30

2nd period

No Goal

Penalties :
Sebastian Aho (VGK) for Cross-checking (Minor) at 1:13, Matt Nieto (SJS) for Hooking (Minor) at 3:15, Matt Nieto (SJS) for Diving (Minor) at 14:46, Cody Ceci (SJS) for Roughing (Minor) at 17:48

3rd period

5. SAN JOSE Sharks , Kyle Connor 34 (Brayden McNabb 23, Joe Pavelski 37) at 4:29

Penalties :
John Tavares (SJS) for High sticking (Minor) at 8:14, Brett Howden (SJS) for Hooking (Minor) at 10:27, Brenden Dillon (VGK) for High sticking (Minor) at 12:44, Phil Di Giuseppe (VGK) for Slashing (Minor) at 15:52, Jared McCann (VGK) for Tripping (Minor) at 19:38

Goalie Stats

Anton Forsberg (VGK), 14 saves from 18 shots - (0,778), L, 25-24-5, 18:05 minutes
Pyotr Kochetkov (VGK), 23 saves from 24 shots - (0,958), 41:55 minutes
Semyon Varlamov (SJS), 18 saves from 18 shots - (1,000), W, 13-9-3, 60:00 minutes

Players Stats for VEGAS Golden Knights

Player Name              G  A  P  +/- PIM S  H  SB GA TA FO     MP     PP MP  PK MP  
------------------------------------------------------------------------------------
Adam Larsson             0  0  0  -2  4   0  1  2  0  0  0/0    20:58   0:23   6:47 
Alex Killorn             0  0  0   0  0   1  3  0  0  0  0/0    21:12   4:47   4:43 
Andrei Svechnikov        0  0  0   0  0   4  1  0  0  0  0/0    17:18   5:36   0:00 
Brenden Dillon           0  0  0  -1  2   0  1  1  0  0  0/0    16:28   0:00   8:13 
Colton Sissons           0  0  0  -1  0   4  3  0  0  0  20/37  21:12   5:08   9:42 
Devin Shore              0  0  0   0  0   1  0  0  0  0  0/0    10:29   0:00   4:53 
Evgenii Dadonov          0  0  0  -1  0   1  1  0  0  0  0/0     6:22   0:00   0:00 
Filip Chytil             0  0  0  -1  0   1  1  0  0  0  0/2    11:30   5:08   0:00 
Jared McCann             0  0  0  -2  2   1  0  0  0  0  1/1    15:48   4:47   0:00 
Jordan Oesterle          0  0  0  -1  0   0  0  0  0  0  0/0     9:41   0:00   1:25 
Mikael Granlund          0  0  0   0  0   0  1  0  0  0  4/12   16:18   3:56   0:40 
Noah Hanifin             0  0  0   0  0   1  1  0  0  0  0/0    25:54   5:59   7:19 
Noel Acciari             0  0  0   0  0   0  1  0  0  0  5/12   10:37   0:00   5:01 
Olli Maatta              0  0  0  -2  0   0  2  2  0  0  0/0    20:34   0:00   6:44 
Phil Di Giuseppe         0  0  0   0  2   0  0  0  0  0  0/0     5:54   0:00   0:19 
Sebastian Aho            0  0  0  -2  8   0  0  0  0  0  11/18  21:14   4:47   5:28 
Tomas Tatar              0  0  0  -2  0   0  2  0  0  0  1/3    16:10   5:08   0:00 
Tony DeAngelo            0  0  0   0  0   4  4  0  0  0  0/0    16:50   3:56   0:18 

Players Stats for SAN JOSE Sharks

Player Name              G  A  P  +/- PIM S  H  SB GA TA FO     MP     PP MP  PK MP  
------------------------------------------------------------------------------------
Andrew Mangiapane        0  1  1   0  0   7  0  0  0  0  0/2    16:32   7:07   0:00 
Austin Watson            0  0  0   0  0   0  1  0  0  0  0/0     7:00   0:00   1:59 
Brayden McNabb           0  2  2   2  0   5  1  3  0  0  0/0    25:06   7:44   6:06 
Brett Howden             0  1  1   1  2   2  4  0  0  0  5/9     9:23   0:00   0:00 
Cam Atkinson             1  0  1   1  0   1  1  0  0  0  1/1     9:24   0:00   0:00 
Cody Ceci                0  0  0   2  2   3  0  1  0  0  0/0    22:48   7:10   4:23 
Evander Kane             0  0  0   0  0   2  2  0  0  0  1/1    16:32   7:07   0:00 
Jack Johnson             1  0  1   0  0   2  0  2  0  0  0/0    23:49   7:10   4:29 
Joe Pavelski             1  2  3   2  0   6  3  0  0  0  2/3    19:08   8:16   0:00 
John Klingberg           0  0  0   0  0   0  2  1  0  0  0/0    24:12   8:13   3:49 
John Tavares             0  2  2   2  2   3  6  0  0  0  18/34  24:16   8:16   5:09 
Kyle Connor              1  1  2   2  0   7  2  0  0  0  1/4    25:46   8:16   6:38 
Matias Maccelli          0  0  0   0  0   0  0  0  0  0  0/0     5:01   0:00   0:00 
Matt Nieto               0  0  0   1  4   1  0  0  0  0  0/0    10:36   0:00   1:14 
Nick Cousins             0  0  0   0  0   0  1  0  0  0  3/5     6:08   0:00   1:07 
Oliver Kylington         0  0  0   1  0   1  0  1  0  0  0/0    11:45   0:29   0:00 
Sam Bennett              1  0  1   0  0   2  3  0  0  0  12/26  20:15   7:07   3:43 
Troy Stecher             0  1  1   1  0   0  1  0  0  0  0/0    12:19   0:00   1:03 

3 Stars

1 - Joe Pavelski (SJS)
2 - Kyle Connor (SJS)
3 - John Tavares (SJS)

Power Play

VEGAS Golden Knights - 0 on 5 Attempt(s) - 0,00%
SAN JOSE Sharks - 2 on 9 Attempt(s) - 22,22%

Penalty Kill

VEGAS Golden Knights - 7 on 9 Attempt(s) - 77,78% - Score 0 goal in Penalty Kill
SAN JOSE Sharks - 5 on 5 Attempt(s) - 100,00% - Score 0 goal in Penalty Kill

Team Stat

VEGAS Golden Knights - Hits : 22 - Faceoff Wins : 42 - Blocked Shots : 5 - Penalty Minutes : 18
SAN JOSE Sharks - Hits : 27 - Faceoff Wins : 43 - Blocked Shots : 8 - Penalty Minutes : 10

Official

Referees : Frederick L'Ecuyer and Michael Markovic
Linesman : David Brisebois and Ben O'Quinn

Game Notes

Pyotr Kochetkov enters game at 18:05 of 1st period

Finance

Level 1 -- Attendance: 4747 (79,12%) -- Ticket Income $474,700
Level 2 -- Attendance: 4364 (87,28%) -- Ticket Income $261,840
Level 3 -- Attendance: 2000 (100,00%) -- Ticket Income $70,000
Level 4 -- Attendance: 3809 (95,23%) -- Ticket Income $76,180
Luxury Box -- Attendance: 772 (77,20%) -- Ticket Income $154,400
Game was played at the SAP Center.
Total Attendance: 15692 (87,18%)
Total Ticket Income: $1,037,120
Other Income: $259,280
Total Income: $1,296,400

VEGAS Golden Knights

5 vs 5 Forward 
   Center                   Left Wing                Right Wing               Time % Phy DF OF 
 1 Sebastian Aho            Jared McCann             Tomas Tatar              36     1   2  2  
 2 Mikael Granlund          Andrei Svechnikov        Alex Killorn             30     1   2  2  
 3 Colton Sissons           Filip Chytil             Evgenii Dadonov          25     1   2  2  
 4 Noel Acciari             Phil Di Giuseppe         Devin Shore              9      1   2  2  

5 vs 5 Defense 
   Defense                  Defense                                           Time % Phy DF OF 
 1 Adam Larsson             Olli Maatta                                       40     1   2  2  
 2 Noah Hanifin             Tony DeAngelo                                     33     1   2  2  
 3 Brenden Dillon           Jordan Oesterle                                   22     1   2  2  
 4 Adam Larsson             Noah Hanifin                                      5      1   2  2  

PowerPlay Forward 
   Center                   Left Wing                Right Wing               Time % Phy DF OF 
 1 Sebastian Aho            Jared McCann             Alex Killorn             65     0   1  4  
 2 Colton Sissons           Filip Chytil             Tomas Tatar              35     0   2  3  

PowerPlay Defense
   Defense                  Defense                                           Time % Phy DF OF 
 1 Andrei Svechnikov        Noah Hanifin                                      65     0   1  4  
 2 Mikael Granlund          Tony DeAngelo                                     35     0   2  3  

Penalty Kill 4 Players Forward 
   Center                   Wing                     Time % Phy DF OF 
 1 Colton Sissons           Sebastian Aho            60     1   3  1  
 2 Noel Acciari             Alex Killorn             40     1   3  1  

Penalty Kill 4 Players Defense
   Defense                  Defense                  Time % Phy DF OF 
 1 Adam Larsson             Brenden Dillon           60     1   3  1  
 2 Noah Hanifin             Olli Maatta              40     1   3  1  

Penalty Kill - 3 Players Forward 
   Forward                                           Time % Phy DF OF 
 1 Colton Sissons                                    60     0   5  0  
 2 Sebastian Aho                                     40     0   5  0  

Penalty Kill - 3 Players Defense
   Defense                  Defense                  Time % Phy DF OF 
 1 Adam Larsson             Noah Hanifin             60     0   5  0  
 2 Brenden Dillon           Olli Maatta              40     0   5  0  

4 vs 4 Forward 
   Center                   Wing                     Time % Phy DF OF 
 1 Sebastian Aho            Alex Killorn             60     1   2  2  
 2 Mikael Granlund          Jared McCann             40     1   2  2  

4 vs 4 Defense
   Defense                  Defense                  Time % Phy DF OF 
 1 Adam Larsson             Tony DeAngelo            60     1   2  2  
 2 Noah Hanifin             Brenden Dillon           40     1   2  2  

Last Minutes Offensive
   Center                   Left Wing                Right Wing               Defense                  Defense                  
   Sebastian Aho            Jared McCann             Alex Killorn             Tony DeAngelo            Noah Hanifin             

Last Minutes Defensive
   Center                   Left Wing                Right Wing               Defense                  Defense                  
   Sebastian Aho            Colton Sissons           Alex Killorn             Adam Larsson             Noah Hanifin             

Goaltenders
Starting : Anton Forsberg           
Backup : Pyotr Kochetkov          

Extra Forwards
Normal : Jared McCann, Sebastian Aho, Alex Killorn - PP : Sebastian Aho, Mikael Granlund - PK : Colton Sissons
Extra Defensemen
Normal : Adam Larsson, Noah Hanifin, Brenden Dillon - PP : Tony DeAngelo - PK : Adam Larsson, Noah Hanifin
Penalty Shots
Sebastian Aho, Jared McCann, Andrei Svechnikov, Alex Killorn, Tomas Tatar

Scratches
Mike Reilly (Healthy)

SAN JOSE Sharks

5 vs 5 Forward 
   Center                   Left Wing                Right Wing               Time % Phy DF OF 
 1 John Tavares             Kyle Connor              Joe Pavelski             40     1   2  2  
 2 Sam Bennett              Andrew Mangiapane        Evander Kane             30     2   2  1  
 3 Brett Howden             Cam Atkinson             Matt Nieto               20     1   2  2  
 4 Nick Cousins             Matias Maccelli          Austin Watson            10     1   3  1  

5 vs 5 Defense 
   Defense                  Defense                                           Time % Phy DF OF 
 1 Brayden McNabb           Cody Ceci                                         40     1   2  2  
 2 John Klingberg           Jack Johnson                                      30     1   2  2  
 3 Troy Stecher             Oliver Kylington                                  20     1   2  2  
 4 Brayden McNabb           Cody Ceci                                         10     1   2  2  

PowerPlay Forward 
   Center                   Left Wing                Right Wing               Time % Phy DF OF 
 1 John Tavares             Kyle Connor              Joe Pavelski             60     1   1  3  
 2 Sam Bennett              Evander Kane             Andrew Mangiapane        40     1   2  2  

PowerPlay Defense
   Defense                  Defense                                           Time % Phy DF OF 
 1 Brayden McNabb           John Klingberg                                    60     1   2  2  
 2 Cody Ceci                Jack Johnson                                      40     1   2  2  

Penalty Kill 4 Players Forward 
   Center                   Wing                     Time % Phy DF OF 
 1 John Tavares             Kyle Connor              60     1   3  1  
 2 Sam Bennett              Matt Nieto               40     1   3  1  

Penalty Kill 4 Players Defense
   Defense                  Defense                  Time % Phy DF OF 
 1 Brayden McNabb           Cody Ceci                60     1   3  1  
 2 John Klingberg           Jack Johnson             40     1   3  1  

Penalty Kill - 3 Players Forward 
   Forward                                           Time % Phy DF OF 
 1 John Tavares                                      60     1   2  2  
 2 Sam Bennett                                       40     1   2  2  

Penalty Kill - 3 Players Defense
   Defense                  Defense                  Time % Phy DF OF 
 1 Brayden McNabb           Cody Ceci                60     1   2  2  
 2 John Klingberg           Jack Johnson             40     1   2  2  

4 vs 4 Forward 
   Center                   Wing                     Time % Phy DF OF 
 1 John Tavares             Kyle Connor              60     1   2  2  
 2 Sam Bennett              Matt Nieto               40     1   2  2  

4 vs 4 Defense
   Defense                  Defense                  Time % Phy DF OF 
 1 Brayden McNabb           Cody Ceci                60     1   2  2  
 2 John Klingberg           Jack Johnson             40     1   2  2  

Last Minutes Offensive
   Center                   Left Wing                Right Wing               Defense                  Defense                  
   John Tavares             Kyle Connor              Joe Pavelski             Brayden McNabb           Cody Ceci                

Last Minutes Defensive
   Center                   Left Wing                Right Wing               Defense                  Defense                  
   John Tavares             Kyle Connor              Joe Pavelski             Brayden McNabb           Cody Ceci                

Goaltenders
Starting : Semyon Varlamov          
Backup : Ville Husso              

Extra Forwards
Normal : Sam Bennett, Matt Nieto, Evander Kane - PP : Sam Bennett, Matt Nieto - PK : Sam Bennett
Extra Defensemen
Normal : Jack Johnson, Troy Stecher, Oliver Kylington - PP : Jack Johnson - PK : Jack Johnson, Troy Stecher
Penalty Shots
Joe Pavelski, John Tavares, Kyle Connor, Andrew Mangiapane, Sam Bennett

Scratches
None


% Time on Ice - VEGAS Golden Knights

Lines # - Real PCT - Wanted PCT - Time Play
Normal Forward
1 - 32% - 36% - 11:02
2 - 34% - 30% - 11:42
3 - 18% - 25% - 6:22
4 - 16% - 9% - 5:36
Normal Defense
1 - 40% - 40% - 13:50
2 - 36% - 33% - 12:36
3 - 24% - 22% - 8:16
4 - 0% - 5% - 0:00
PP Forward
1 - 48% - 65% - 4:47
2 - 52% - 35% - 5:08
PP Defense
1 - 60% - 65% - 5:59
2 - 40% - 35% - 3:56
PK Forward
1 - 67% - 60% - 10:22
2 - 33% - 40% - 5:01
PK Defense
1 - 69% - 60% - 10:35
2 - 31% - 40% - 4:48
PK3 Forward
1 - 0% - 60%
2 - 0% - 40%
PK3 Defense
1 - 0% - 60%
2 - 0% - 40%
44 Forward
1 - 0% - 60%
2 - 0% - 40%
44 Defense
1 - 0% - 60%
2 - 0% - 40%
Last Minute Offensive  - 0:00
Last Minute Defensive  - 0:00
Total
Forward - 60:00
Defense - 60:00

% Time on Ice - SAN JOSE Sharks

Lines # - Real PCT - Wanted PCT - Time Play
Normal Forward
1 - 31% - 40% - 10:52
2 - 27% - 30% - 9:25
3 - 27% - 20% - 9:24
4 - 14% - 10% - 5:01
Normal Defense
1 - 32% - 40% - 11:16
2 - 35% - 30% - 12:10
3 - 32% - 20% - 11:16
4 - 0% - 10% - 0:00
PP Forward
1 - 54% - 60% - 8:16
2 - 46% - 40% - 7:07
PP Defense
1 - 53% - 60% - 8:13
2 - 47% - 40% - 7:10
PK Forward
1 - 74% - 60% - 7:22
2 - 26% - 40% - 2:33
PK Defense
1 - 62% - 60% - 6:06
2 - 38% - 40% - 3:49
PK3 Forward
1 - 0% - 60%
2 - 0% - 40%
PK3 Defense
1 - 0% - 60%
2 - 0% - 40%
44 Forward
1 - 0% - 60%
2 - 0% - 40%
44 Defense
1 - 0% - 60%
2 - 0% - 40%
Last Minute Offensive  - 0:00
Last Minute Defensive  - 0:00
Total
Forward - 60:00
Defense - 60:00

Play-by-Play

1st period


0:01 of 1st period - John Tavares wins face-off versus Sebastian Aho in neutral zone.
0:04 of 1st period - Shot by Joe Pavelski.
0:04 of 1st period - Goal by Joe Pavelski - VEGAS Golden Knights : 0 - SAN JOSE Sharks : 1.
0:05 of 1st period - Mikael Granlund wins face-off versus Sam Bennett in neutral zone.
0:20 of 1st period - Shot by Andrei Svechnikov.
0:20 of 1st period - Stopped by Semyon Varlamov without a rebound.
0:21 of 1st period - Brett Howden wins face-off versus Colton Sissons in SAN JOSE Sharks zone.
0:21 of 1st period - Brett Howden is hit by Colton Sissons.
0:35 of 1st period - Jordan Oesterle is hit by Cam Atkinson and loses puck.
0:54 of 1st period - Shot by Cam Atkinson.
0:54 of 1st period - Goal by Cam Atkinson - VEGAS Golden Knights : 0 - SAN JOSE Sharks : 2.
0:55 of 1st period - Sebastian Aho wins face-off versus Joe Pavelski in neutral zone.
1:29 of 1st period - Shot by Kyle Connor.
1:29 of 1st period - Deflect By Joe Pavelski.
1:29 of 1st period - Shot Misses the Net.
1:31 of 1st period - Shot by Cody Ceci.
1:31 of 1st period - Shot Misses the Net.
1:33 of 1st period - Shot by Kyle Connor.
1:33 of 1st period - Stopped by Anton Forsberg without a rebound.
1:33 of 1st period - Minor Penalty to Adam Larsson for Roughing.
1:34 of 1st period - Sam Bennett wins face-off versus Colton Sissons in VEGAS Golden Knights zone.
2:01 of 1st period - Shot by Brayden McNabb.
2:01 of 1st period - Stopped by Anton Forsberg without a rebound.
2:02 of 1st period - Noel Acciari wins face-off versus John Tavares in VEGAS Golden Knights zone.
2:31 of 1st period - Shot by Kyle Connor.
2:31 of 1st period - Stopped by Anton Forsberg without a rebound.
2:32 of 1st period - Sam Bennett wins face-off versus Colton Sissons in VEGAS Golden Knights zone.
2:39 of 1st period - Shot by Sam Bennett.
2:39 of 1st period - Shot Blocked by Brenden Dillon.
2:41 of 1st period - Shot by Andrew Mangiapane.
2:41 of 1st period - Stopped by Anton Forsberg without a rebound.
2:42 of 1st period - Evander Kane wins face-off versus Colton Sissons in VEGAS Golden Knights zone.
2:55 of 1st period - Shot by Brayden McNabb.
2:55 of 1st period - Stopped by Anton Forsberg without a rebound.
2:56 of 1st period - John Tavares wins face-off versus Colton Sissons in VEGAS Golden Knights zone.
3:48 of 1st period - Shot by Andrew Mangiapane.
3:48 of 1st period - Stopped by Anton Forsberg with a rebound.
3:50 of 1st period - Shot by Evander Kane.
3:50 of 1st period - Deflect By Andrew Mangiapane.
3:50 of 1st period - Shot Misses the Net.
5:02 of 1st period - Shot by Kyle Connor.
5:02 of 1st period - Stopped by Anton Forsberg without a rebound.
5:03 of 1st period - Sebastian Aho wins face-off versus John Tavares in VEGAS Golden Knights zone.
5:03 of 1st period - Sebastian Aho is hit by Joe Pavelski.
5:35 of 1st period - Shot by John Tavares.
5:35 of 1st period - Shot Misses the Net.
6:22 of 1st period - Shot by Matt Nieto.
6:22 of 1st period - Stopped by Anton Forsberg without a rebound.
6:23 of 1st period - Mikael Granlund wins face-off versus Nick Cousins in VEGAS Golden Knights zone.
6:23 of 1st period - Adam Larsson is hit by Austin Watson and loses puck.
7:20 of 1st period - Cam Atkinson is hit by Olli Maatta and loses puck.
7:30 of 1st period - Shot by Brett Howden.
7:30 of 1st period - Shot Misses the Net.
7:35 of 1st period - Minor Penalty to Adam Larsson for Holding.
7:36 of 1st period - John Tavares wins face-off versus Colton Sissons in VEGAS Golden Knights zone.
8:02 of 1st period - Shot by Kyle Connor.
8:02 of 1st period - Stopped by Anton Forsberg with a rebound.
8:52 of 1st period - Shot by Andrew Mangiapane.
8:52 of 1st period - Shot Misses the Net.
9:10 of 1st period - Brenden Dillon is hit by Kyle Connor and loses puck.
9:25 of 1st period - Shot by Oliver Kylington.
9:25 of 1st period - Stopped by Anton Forsberg without a rebound.
9:26 of 1st period - Colton Sissons wins face-off versus Andrew Mangiapane in VEGAS Golden Knights zone.
9:26 of 1st period - Colton Sissons is hit by Evander Kane.
10:07 of 1st period - Shot by Brett Howden.
10:07 of 1st period - Stopped by Anton Forsberg with a rebound.
10:09 of 1st period - Shot by Cam Atkinson.
10:09 of 1st period - Shot Misses the Net.
10:16 of 1st period - Tony DeAngelo is hit by Brett Howden.
11:32 of 1st period - Shot by John Tavares.
11:32 of 1st period - Stopped by Anton Forsberg without a rebound.
11:33 of 1st period - Jared McCann wins face-off versus Sam Bennett in VEGAS Golden Knights zone.
11:35 of 1st period - Icing by Sebastian Aho.
11:36 of 1st period - John Tavares wins face-off versus Sebastian Aho in VEGAS Golden Knights zone.
11:43 of 1st period - Shot by Joe Pavelski.
11:43 of 1st period - Stopped by Anton Forsberg without a rebound.
11:44 of 1st period - Colton Sissons wins face-off versus John Tavares in VEGAS Golden Knights zone.
12:49 of 1st period - Shot by Sebastian Aho.
12:49 of 1st period - Shot Misses the Net.
13:19 of 1st period - Icing by Jack Johnson.
13:20 of 1st period - John Tavares wins face-off versus Mikael Granlund in SAN JOSE Sharks zone.
13:20 of 1st period - John Tavares is hit by Alex Killorn.
13:38 of 1st period - Andrew Mangiapane is hit by Mikael Granlund and loses puck.
13:57 of 1st period - Shot by Andrei Svechnikov.
13:57 of 1st period - Stopped by Semyon Varlamov without a rebound.
13:58 of 1st period - Brett Howden wins face-off versus Colton Sissons in SAN JOSE Sharks zone.
14:33 of 1st period - Shot by Colton Sissons.
14:33 of 1st period - Shot Misses the Net.
14:35 of 1st period - Shot by Colton Sissons.
14:35 of 1st period - Stopped by Semyon Varlamov without a rebound.
14:36 of 1st period - Sam Bennett wins face-off versus Sebastian Aho in SAN JOSE Sharks zone.
14:36 of 1st period - Sam Bennett is hit by Tomas Tatar.
14:54 of 1st period - Andrew Mangiapane is hit by Tony DeAngelo.
14:57 of 1st period - Double Minor Penalty to Sebastian Aho for Roughing.
14:58 of 1st period - Colton Sissons wins face-off versus Sam Bennett in VEGAS Golden Knights zone.
14:58 of 1st period - Colton Sissons is hit by Sam Bennett.
15:21 of 1st period - Icing by Sam Bennett.
15:22 of 1st period - Sam Bennett wins face-off versus Colton Sissons in SAN JOSE Sharks zone.
15:22 of 1st period - Sam Bennett is hit by Colton Sissons.
15:28 of 1st period - Olli Maatta is hit by Sam Bennett and loses puck.
15:40 of 1st period - Icing by Evander Kane.
15:41 of 1st period - Sam Bennett wins face-off versus Colton Sissons in SAN JOSE Sharks zone.
16:26 of 1st period - John Tavares is hit by Olli Maatta and loses puck.
16:35 of 1st period - Shot by Cody Ceci.
16:35 of 1st period - Stopped by Anton Forsberg with a rebound.
16:53 of 1st period - Shot by Jack Johnson.
16:53 of 1st period - Goal by Jack Johnson - VEGAS Golden Knights : 0 - SAN JOSE Sharks : 3.
16:54 of 1st period - Colton Sissons wins face-off versus John Tavares in neutral zone.
16:54 of 1st period - Colton Sissons is hit by John Tavares.
17:44 of 1st period - Icing by Andrew Mangiapane.
17:45 of 1st period - Sam Bennett wins face-off versus Noel Acciari in SAN JOSE Sharks zone.
17:45 of 1st period - Sam Bennett is hit by Alex Killorn.
17:57 of 1st period - Shot by Andrew Mangiapane.
17:57 of 1st period - Shot Blocked by Adam Larsson.
18:01 of 1st period - Shot by Sam Bennett.
18:01 of 1st period - Shot Misses the Net.
18:03 of 1st period - Shot by Brayden McNabb.
18:03 of 1st period - Shot Misses the Net.
18:05 of 1st period - Shot by Sam Bennett.
18:05 of 1st period - Goal by Sam Bennett - VEGAS Golden Knights : 0 - SAN JOSE Sharks : 4.
18:05 of 1st period - Pyotr Kochetkov enters game.
18:06 of 1st period - Tomas Tatar wins face-off versus Brett Howden in neutral zone.
18:30 of 1st period - Minor Penalty to Sebastian Aho for Hooking.
18:31 of 1st period - Sam Bennett wins face-off versus Colton Sissons in VEGAS Golden Knights zone.
18:34 of 1st period - Shot by Andrew Mangiapane.
18:34 of 1st period - Shot Misses the Net.
19:40 of 1st period - Shot by Jack Johnson.
19:40 of 1st period - Stopped by Pyotr Kochetkov without a rebound.
19:41 of 1st period - John Tavares wins face-off versus Noel Acciari in VEGAS Golden Knights zone.
19:47 of 1st period - Shot by Joe Pavelski.
19:47 of 1st period - Stopped by Pyotr Kochetkov without a rebound.
19:48 of 1st period - Joe Pavelski wins face-off versus Colton Sissons in VEGAS Golden Knights zone.
19:49 of 1st period - Shot by Kyle Connor.
19:49 of 1st period - Shot Misses the Net.
19:53 of 1st period - Shot by Kyle Connor.
19:53 of 1st period - Deflect By Joe Pavelski.
19:53 of 1st period - Shot Misses the Net.
19:55 of 1st period - Shot by Joe Pavelski.
19:55 of 1st period - Shot Misses the Net.
19:57 of 1st period - Shot by Cody Ceci.
19:57 of 1st period - Stopped by Pyotr Kochetkov with a rebound.
Goals for this period are 0 for VEGAS Golden Knights vs 4 for SAN JOSE Sharks.
Shots for this period are 3 for VEGAS Golden Knights vs 21 for SAN JOSE Sharks.

2nd period


0:01 of 2nd period - Colton Sissons wins face-off versus John Tavares in neutral zone.
0:33 of 2nd period - Shot by Joe Pavelski.
0:33 of 2nd period - Stopped by Pyotr Kochetkov with a rebound.
1:13 of 2nd period - Minor Penalty to Sebastian Aho for Cross-checking.
1:14 of 2nd period - Noel Acciari wins face-off versus Kyle Connor in VEGAS Golden Knights zone.
1:22 of 2nd period - Icing by Brayden McNabb.
1:23 of 2nd period - Colton Sissons wins face-off versus Kyle Connor in SAN JOSE Sharks zone.
1:32 of 2nd period - Shot by Devin Shore.
1:32 of 2nd period - Stopped by Semyon Varlamov without a rebound.
1:33 of 2nd period - John Tavares wins face-off versus Colton Sissons in SAN JOSE Sharks zone.
1:33 of 2nd period - Joe Pavelski is hit by Colton Sissons.
1:55 of 2nd period - Shot by Joe Pavelski.
1:55 of 2nd period - Shot Misses the Net.
1:57 of 2nd period - Shot by Brayden McNabb.
1:57 of 2nd period - Stopped by Pyotr Kochetkov with a rebound.
1:59 of 2nd period - Shot by Joe Pavelski.
1:59 of 2nd period - Stopped by Pyotr Kochetkov without a rebound.
2:00 of 2nd period - Sam Bennett wins face-off versus Noel Acciari in VEGAS Golden Knights zone.
2:05 of 2nd period - Shot by Evander Kane.
2:05 of 2nd period - Stopped by Pyotr Kochetkov without a rebound.
2:06 of 2nd period - Colton Sissons wins face-off versus Sam Bennett in VEGAS Golden Knights zone.
2:06 of 2nd period - Colton Sissons is hit by Evander Kane.
2:27 of 2nd period - Shot by Jack Johnson.
2:27 of 2nd period - Shot Misses the Net.
2:29 of 2nd period - Shot by Cody Ceci.
2:29 of 2nd period - Stopped by Pyotr Kochetkov with a rebound.
3:15 of 2nd period - Minor Penalty to Matt Nieto for Hooking.
3:16 of 2nd period - John Tavares wins face-off versus Filip Chytil in SAN JOSE Sharks zone.
3:29 of 2nd period - Jack Johnson is hit by Filip Chytil and loses puck.
3:54 of 2nd period - Shot by Noah Hanifin.
3:54 of 2nd period - Stopped by Semyon Varlamov without a rebound.
3:55 of 2nd period - Sebastian Aho wins face-off versus John Tavares in SAN JOSE Sharks zone.
3:56 of 2nd period - Shot by Alex Killorn.
3:56 of 2nd period - Shot Misses the Net.
3:58 of 2nd period - Shot by Alex Killorn.
3:58 of 2nd period - Shot Misses the Net.
4:00 of 2nd period - Shot by Mikael Granlund.
4:00 of 2nd period - Shot Misses the Net.
4:02 of 2nd period - Shot by Tony DeAngelo.
4:02 of 2nd period - Stopped by Semyon Varlamov without a rebound.
4:03 of 2nd period - Sebastian Aho wins face-off versus John Tavares in SAN JOSE Sharks zone.
4:04 of 2nd period - Shot by Mikael Granlund.
4:04 of 2nd period - Shot Blocked by Brayden McNabb.
4:47 of 2nd period - Off-side.
4:48 of 2nd period - Colton Sissons wins face-off versus Sam Bennett in neutral zone.
4:58 of 2nd period - Shot by Andrei Svechnikov.
4:58 of 2nd period - Stopped by Semyon Varlamov without a rebound.
4:59 of 2nd period - John Tavares wins face-off versus Colton Sissons in SAN JOSE Sharks zone.
5:18 of 2nd period - Shot by Andrew Mangiapane.
5:18 of 2nd period - Deflect By Evander Kane.
5:18 of 2nd period - Shot Misses the Net.
5:23 of 2nd period - Off-side.
5:24 of 2nd period - Sebastian Aho wins face-off versus Sam Bennett in neutral zone.
5:31 of 2nd period - Shot by Sebastian Aho.
5:31 of 2nd period - Shot Misses the Net.
5:48 of 2nd period - Sebastian Aho is hit by Sam Bennett and loses puck.
5:58 of 2nd period - Icing by Jared McCann.
5:59 of 2nd period - Cam Atkinson wins face-off versus Sebastian Aho in VEGAS Golden Knights zone.
6:36 of 2nd period - Shot by Cody Ceci.
6:36 of 2nd period - Shot Blocked by Olli Maatta.
7:40 of 2nd period - Icing by John Tavares.
7:41 of 2nd period - Joe Pavelski wins face-off versus Mikael Granlund in SAN JOSE Sharks zone.
7:43 of 2nd period - Icing by Jack Johnson.
7:44 of 2nd period - Mikael Granlund wins face-off versus John Tavares in SAN JOSE Sharks zone.
7:51 of 2nd period - Shot by Tony DeAngelo.
7:51 of 2nd period - Stopped by Semyon Varlamov without a rebound.
7:52 of 2nd period - Colton Sissons wins face-off versus Sam Bennett in SAN JOSE Sharks zone.
8:19 of 2nd period - Shot by Andrew Mangiapane.
8:19 of 2nd period - Shot Misses the Net.
8:27 of 2nd period - Icing by Andrew Mangiapane.
8:28 of 2nd period - Sam Bennett wins face-off versus Mikael Granlund in SAN JOSE Sharks zone.
8:39 of 2nd period - Shot by Sam Bennett.
8:39 of 2nd period - Stopped by Pyotr Kochetkov with a rebound.
8:44 of 2nd period - Brenden Dillon is hit by Troy Stecher and loses puck.
8:51 of 2nd period - Shot by Andrei Svechnikov.
8:51 of 2nd period - Shot Misses the Net.
9:01 of 2nd period - Shot by Andrei Svechnikov.
9:01 of 2nd period - Stopped by Semyon Varlamov without a rebound.
9:02 of 2nd period - John Tavares wins face-off versus Noel Acciari in SAN JOSE Sharks zone.
9:21 of 2nd period - Shot by Kyle Connor.
9:21 of 2nd period - Shot Misses the Net.
9:28 of 2nd period - Icing by Noah Hanifin.
9:29 of 2nd period - Nick Cousins wins face-off versus Noel Acciari in VEGAS Golden Knights zone.
10:27 of 2nd period - Andrei Svechnikov is hit by John Tavares and loses puck.
10:49 of 2nd period - Andrei Svechnikov is hit by Brayden McNabb.
11:08 of 2nd period - Icing by Colton Sissons.
11:09 of 2nd period - Colton Sissons wins face-off versus Andrew Mangiapane in VEGAS Golden Knights zone.
11:32 of 2nd period - Shot by Andrew Mangiapane.
11:32 of 2nd period - Stopped by Pyotr Kochetkov without a rebound.
11:33 of 2nd period - Sebastian Aho wins face-off versus Brett Howden in VEGAS Golden Knights zone.
11:33 of 2nd period - Sebastian Aho is hit by Brett Howden.
11:42 of 2nd period - Jared McCann is hit by Brett Howden and loses puck.
12:27 of 2nd period - Alex Killorn is hit by Brett Howden and loses puck.
13:06 of 2nd period - Shot by Andrei Svechnikov.
13:06 of 2nd period - Shot Blocked by Brayden McNabb.
13:20 of 2nd period - Evgenii Dadonov is hit by Joe Pavelski and loses puck.
13:44 of 2nd period - John Tavares is hit by Evgenii Dadonov and loses puck.
13:49 of 2nd period - Shot by Colton Sissons.
13:49 of 2nd period - Shot Misses the Net.
14:09 of 2nd period - Shot by Evander Kane.
14:09 of 2nd period - Stopped by Pyotr Kochetkov without a rebound.
14:10 of 2nd period - Sebastian Aho wins face-off versus Sam Bennett in VEGAS Golden Knights zone.
14:20 of 2nd period - Shot by Jared McCann.
14:20 of 2nd period - Stopped by Semyon Varlamov without a rebound.
14:21 of 2nd period - Mikael Granlund wins face-off versus Brett Howden in SAN JOSE Sharks zone.
14:46 of 2nd period - Minor Penalty to Matt Nieto for Diving.
14:47 of 2nd period - Sebastian Aho wins face-off versus Kyle Connor in SAN JOSE Sharks zone.
15:26 of 2nd period - Brayden McNabb is hit by Alex Killorn and loses puck.
15:55 of 2nd period - Shot by Filip Chytil.
15:55 of 2nd period - Shot Blocked by Jack Johnson.
16:01 of 2nd period - Shot by Filip Chytil.
16:01 of 2nd period - Stopped by Semyon Varlamov without a rebound.
16:02 of 2nd period - Colton Sissons wins face-off versus John Tavares in SAN JOSE Sharks zone.
16:05 of 2nd period - Shot by Tony DeAngelo.
16:05 of 2nd period - Stopped by Semyon Varlamov without a rebound.
16:06 of 2nd period - Colton Sissons wins face-off versus John Tavares in SAN JOSE Sharks zone.
16:06 of 2nd period - Tony DeAngelo is hit by John Klingberg and loses puck.
16:27 of 2nd period - Shot by Colton Sissons.
16:27 of 2nd period - Stopped by Semyon Varlamov without a rebound.
16:28 of 2nd period - Sam Bennett wins face-off versus Sebastian Aho in SAN JOSE Sharks zone.
17:15 of 2nd period - Icing by Cam Atkinson.
17:16 of 2nd period - Brett Howden wins face-off versus Colton Sissons in SAN JOSE Sharks zone.
17:39 of 2nd period - Shot by Evgenii Dadonov.
17:39 of 2nd period - Stopped by Semyon Varlamov without a rebound.
17:40 of 2nd period - Kyle Connor wins face-off versus Sebastian Aho in SAN JOSE Sharks zone.
17:48 of 2nd period - Minor Penalty to Cody Ceci for Roughing.
17:49 of 2nd period - John Tavares wins face-off versus Sebastian Aho in SAN JOSE Sharks zone.
17:57 of 2nd period - Alex Killorn is hit by John Tavares and loses puck.
18:50 of 2nd period - Shot by Tony DeAngelo.
18:50 of 2nd period - Shot Misses the Net.
18:52 of 2nd period - Shot by Colton Sissons.
18:52 of 2nd period - Stopped by Semyon Varlamov without a rebound.
18:53 of 2nd period - John Tavares wins face-off versus Colton Sissons in SAN JOSE Sharks zone.
19:06 of 2nd period - Shot by Tomas Tatar.
19:06 of 2nd period - Shot Misses the Net.
19:08 of 2nd period - Shot by Tony DeAngelo.
19:08 of 2nd period - Stopped by Semyon Varlamov without a rebound.
19:09 of 2nd period - Colton Sissons wins face-off versus John Tavares in SAN JOSE Sharks zone.
19:12 of 2nd period - Shot by Filip Chytil.
19:12 of 2nd period - Shot Misses the Net.
19:18 of 2nd period - Shot by Colton Sissons.
19:18 of 2nd period - Stopped by Semyon Varlamov with a rebound.
19:20 of 2nd period - Shot by Noah Hanifin.
19:20 of 2nd period - Shot Blocked by Brayden McNabb.
19:50 of 2nd period - Shot by Kyle Connor.
19:50 of 2nd period - Deflect By Andrew Mangiapane.
19:50 of 2nd period - Stopped by Pyotr Kochetkov without a rebound.
19:51 of 2nd period - Sam Bennett wins face-off versus Noel Acciari in VEGAS Golden Knights zone.
19:54 of 2nd period - Shot by Andrew Mangiapane.
19:54 of 2nd period - Stopped by Pyotr Kochetkov without a rebound.
19:55 of 2nd period - Noel Acciari wins face-off versus Sam Bennett in VEGAS Golden Knights zone.
Goals for this period are 0 for VEGAS Golden Knights vs 0 for SAN JOSE Sharks.
Shots for this period are 14 for VEGAS Golden Knights vs 10 for SAN JOSE Sharks.

3rd period


0:01 of 3rd period - John Tavares wins face-off versus Tomas Tatar in neutral zone.
0:42 of 3rd period - Shot by Kyle Connor.
0:42 of 3rd period - Shot Misses the Net.
1:09 of 3rd period - John Klingberg is hit by Tony DeAngelo and loses puck.
1:44 of 3rd period - Shot by Troy Stecher.
1:44 of 3rd period - Shot Misses the Net.
2:09 of 3rd period - Nick Cousins is hit by Tony DeAngelo.
2:32 of 3rd period - Brett Howden is hit by Noah Hanifin and loses puck.
3:06 of 3rd period - Matt Nieto is hit by Tony DeAngelo and loses puck.
3:33 of 3rd period - Shot by John Tavares.
3:33 of 3rd period - Stopped by Pyotr Kochetkov without a rebound.
3:34 of 3rd period - Colton Sissons wins face-off versus Sam Bennett in VEGAS Golden Knights zone.
3:55 of 3rd period - Shot by Colton Sissons.
3:55 of 3rd period - Shot Misses the Net.
4:13 of 3rd period - Shot by Andrew Mangiapane.
4:13 of 3rd period - Stopped by Pyotr Kochetkov without a rebound.
4:14 of 3rd period - John Tavares wins face-off versus Tomas Tatar in VEGAS Golden Knights zone.
4:29 of 3rd period - Shot by Kyle Connor.
4:29 of 3rd period - Goal by Kyle Connor - VEGAS Golden Knights : 0 - SAN JOSE Sharks : 5.
4:30 of 3rd period - Noel Acciari wins face-off versus Brett Howden in neutral zone.
5:46 of 3rd period - Sebastian Aho is hit by John Tavares and loses puck.
5:52 of 3rd period - Icing by Jordan Oesterle.
5:53 of 3rd period - Sebastian Aho wins face-off versus Sam Bennett in VEGAS Golden Knights zone.
6:21 of 3rd period - Troy Stecher is hit by Tomas Tatar and loses puck.
6:54 of 3rd period - Shot by Tony DeAngelo.
6:54 of 3rd period - Shot Blocked by Cody Ceci.
7:07 of 3rd period - Shot by John Tavares.
7:07 of 3rd period - Shot Misses the Net.
7:09 of 3rd period - Shot by Kyle Connor.
7:09 of 3rd period - Stopped by Pyotr Kochetkov without a rebound.
7:10 of 3rd period - Nick Cousins wins face-off versus Mikael Granlund in VEGAS Golden Knights zone.
7:11 of 3rd period - Shot by Jack Johnson.
7:11 of 3rd period - Shot Misses the Net.
8:13 of 3rd period - Jordan Oesterle is hit by Kyle Connor and loses puck.
8:14 of 3rd period - Minor Penalty to John Tavares for High sticking.
8:15 of 3rd period - Sam Bennett wins face-off versus Filip Chytil in SAN JOSE Sharks zone.
9:36 of 3rd period - Icing by Mikael Granlund.
9:37 of 3rd period - Sebastian Aho wins face-off versus Nick Cousins in VEGAS Golden Knights zone.
9:37 of 3rd period - Sebastian Aho is hit by Nick Cousins.
9:42 of 3rd period - Icing by Tony DeAngelo.
9:43 of 3rd period - Sebastian Aho wins face-off versus Sam Bennett in VEGAS Golden Knights zone.
9:52 of 3rd period - Shot by Sebastian Aho.
9:52 of 3rd period - Deflect By Alex Killorn.
9:52 of 3rd period - Shot Misses the Net.
10:11 of 3rd period - Shot by Sebastian Aho.
10:11 of 3rd period - Shot Blocked by John Klingberg.
10:16 of 3rd period - Icing by Troy Stecher.
10:17 of 3rd period - Brett Howden wins face-off versus Noel Acciari in SAN JOSE Sharks zone.
10:27 of 3rd period - Minor Penalty to Brett Howden for Hooking.
10:28 of 3rd period - Colton Sissons wins face-off versus John Tavares in SAN JOSE Sharks zone.
11:35 of 3rd period - Shot by Sebastian Aho.
11:35 of 3rd period - Shot Blocked by Jack Johnson.
12:42 of 3rd period - Nick Cousins is hit by Brenden Dillon and loses puck.
12:44 of 3rd period - Minor Penalty to Brenden Dillon for High sticking.
12:45 of 3rd period - Colton Sissons wins face-off versus Sam Bennett in VEGAS Golden Knights zone.
13:02 of 3rd period - Shot by Andrew Mangiapane.
13:02 of 3rd period - Shot Misses the Net.
13:04 of 3rd period - Shot by Andrew Mangiapane.
13:04 of 3rd period - Stopped by Pyotr Kochetkov without a rebound.
13:05 of 3rd period - Noel Acciari wins face-off versus John Tavares in VEGAS Golden Knights zone.
13:05 of 3rd period - Noel Acciari is hit by John Tavares.
13:43 of 3rd period - John Tavares is hit by Adam Larsson and loses puck.
14:20 of 3rd period - Shot by John Klingberg.
14:20 of 3rd period - Shot Misses the Net.
14:43 of 3rd period - Icing by John Tavares.
14:44 of 3rd period - Brett Howden wins face-off versus Mikael Granlund in SAN JOSE Sharks zone.
14:44 of 3rd period - Brett Howden is hit by Andrei Svechnikov.
14:57 of 3rd period - Shot by Alex Killorn.
14:57 of 3rd period - Shot Blocked by Oliver Kylington.
15:20 of 3rd period - Icing by Mikael Granlund.
15:21 of 3rd period - Nick Cousins wins face-off versus Mikael Granlund in VEGAS Golden Knights zone.
15:48 of 3rd period - Austin Watson is hit by Noel Acciari and loses puck.
15:52 of 3rd period - Minor Penalty to Phil Di Giuseppe for Slashing.
15:53 of 3rd period - Colton Sissons wins face-off versus John Tavares in VEGAS Golden Knights zone.
15:53 of 3rd period - Colton Sissons is hit by Joe Pavelski.
16:25 of 3rd period - Shot by Kyle Connor.
16:25 of 3rd period - Stopped by Pyotr Kochetkov without a rebound.
16:26 of 3rd period - Colton Sissons wins face-off versus Sam Bennett in VEGAS Golden Knights zone.
17:34 of 3rd period - Shot by John Klingberg.
17:34 of 3rd period - Shot Blocked by Adam Larsson.
17:36 of 3rd period - Shot by Brayden McNabb.
17:36 of 3rd period - Stopped by Pyotr Kochetkov with a rebound.
17:38 of 3rd period - Shot by Brayden McNabb.
17:38 of 3rd period - Stopped by Pyotr Kochetkov without a rebound.
17:39 of 3rd period - Colton Sissons wins face-off versus John Tavares in VEGAS Golden Knights zone.
17:45 of 3rd period - Icing by John Tavares.
17:46 of 3rd period - John Tavares wins face-off versus Colton Sissons in SAN JOSE Sharks zone.
17:55 of 3rd period - Shot by Brett Howden.
17:55 of 3rd period - Stopped by Pyotr Kochetkov without a rebound.
17:56 of 3rd period - John Tavares wins face-off versus Mikael Granlund in VEGAS Golden Knights zone.
17:59 of 3rd period - Shot by John Tavares.
17:59 of 3rd period - Deflect By Joe Pavelski.
17:59 of 3rd period - Stopped by Pyotr Kochetkov without a rebound.
18:00 of 3rd period - John Tavares wins face-off versus Mikael Granlund in VEGAS Golden Knights zone.
18:25 of 3rd period - Shot by Alex Killorn.
18:25 of 3rd period - Stopped by Semyon Varlamov with a rebound.
18:37 of 3rd period - Mikael Granlund is hit by John Tavares and loses puck.
19:30 of 3rd period - Jared McCann is hit by John Klingberg and loses puck.
19:38 of 3rd period - Minor Penalty to Jared McCann for Tripping.
19:39 of 3rd period - John Tavares wins face-off versus Colton Sissons in VEGAS Golden Knights zone.
19:45 of 3rd period - Shot by John Tavares.
19:45 of 3rd period - Shot Misses the Net.
19:47 of 3rd period - Shot by John Tavares.
19:47 of 3rd period - Stopped by Pyotr Kochetkov without a rebound.
19:48 of 3rd period - Colton Sissons wins face-off versus John Tavares in VEGAS Golden Knights zone.
19:59 of 3rd period - Shot by Cody Ceci.
19:59 of 3rd period - Shot Blocked by Olli Maatta.
Goals for this period are 0 for VEGAS Golden Knights vs 1 for SAN JOSE Sharks.
Shots for this period are 1 for VEGAS Golden Knights vs 11 for SAN JOSE Sharks. Output by the SimonT Hockey Simulator (STHS) for Martin Benoit - Original Page W3C HTML5 Valid
Hockey Simulator - Hockey Simulation - Hockey Manager